 Dungeon Crawl Stone Soup version 0.20-a0-315-g8346a86 (webtiles) character file.

182 Goblin1989 the Slasher (level 5, 0/36 HPs)
             Began as a Demonspawn Monk on Dec 20, 2016.
             Was a Believer of Hepliaklqana.
             Slain by an adder (1 damage)
             ... on level 2 of the Dungeon on Dec 21, 2016.
             The game lasted 00:10:16 (2705 turns).

Goblin1989 the Slasher (Demonspawn Monk)            Turns: 2705, Time: 00:10:17

Health: 0/36       AC:  5    Str: 12    XL:     5   Next: 34%
Magic:  3/5        EV: 13    Int: 12    God:    Hepliaklqana [**....]
Gold:   100        SH:  0    Dex: 15    Spells: 4/4 levels left

rFire  + + .     SeeInvis .     a - +0 falchion
rCold  . . .     Gourm    .     b - +0 robe
rNeg   . . .     Faith    .     (no shield)
rPois  .         Spirit   .     (no helmet)
rElec  .         Reflect  .     k - +0 cloak
rCorr  .         Harm     .     (no gloves)
MR     .....                    (no boots)
Stlth  ++........               (no amulet)
                                (no ring)
                                f - ring of protection from fire

@: lethally poisoned (0 -> -4), hasted, very quick
A: reduced essence, hooves 1, slimy green scales 1, fire resistance 1, powered
by pain 1
a: Recall Ancestor, Ancestor Identity, Renounce Religion


You were on level 2 of the Dungeon.
You worshipped Hepliaklqana.
Hepliaklqana was pleased with you.
You were not hungry.

You visited 1 branch of the dungeon, and saw 3 of its levels.

You collected 100 gold pieces.

Inventory:

Hand Weapons
 a - a +0 falchion (weapon)
Armour
 b - a +0 robe (worn)
 k - a +0 cloak (worn)
Jewellery
 e - an uncursed ring of fire
 f - a ring of protection from fire (left hand)
Scrolls
 d - 2 scrolls of blinking {unknown}
 g - a scroll of fear {unknown}
 h - a scroll of enchant weapon {unknown}
 m - 3 scrolls of amnesia {unknown}
 n - 2 scrolls of teleportation {unknown}
 p - 3 scrolls of identify {unknown}
 r - a scroll of fog {unknown}
Potions
 i - a potion of flight {unknown}
 q - a potion of magic {unknown}
 s - a potion of lignification {unknown}
 t - a potion of curing {unknown}
 v - a potion of berserk rage {unknown}
Comestibles
 c - a bread ration {@e1}
 o - a meat ration {@e2}
 u - a royal jelly
 w - 9 chunks of flesh {@w0}


   Skills:
 - Level 3.0 Fighting
 + Level 5.5 Long Blades
 - Level 2.6 Dodging
 - Level 1.7 Stealth


You had 4 spell levels left.
You didn't know any spells.

Dungeon Overview and Level Annotations

Branches:
Dungeon (3/15)

Altars:
Hepliaklqana

Annotations:
D:2 Sigmund


Innate Abilities, Weirdness & Mutations

You have large cloven feet.
You are partially covered in slimy green scales. (AC +2)
Your flesh is heat resistant. (rF+)
You sometimes gain a little power by taking damage.
Your life essence is reduced. (-10% HP)


Message History

Your kick misses the adder.
The adder is moderately wounded.
The adder barely misses you. The adder bites you but does no damage.
You take 1 damage, and have 6/36 hp.
You now have 3/5 mp.
You hit the adder. Your kick misses the adder.
The adder is severely wounded.
* * * LOW HITPOINT WARNING * * *
You feel sick.
Audrea closely misses the adder.
The adder bites you.
* * * LOW HITPOINT WARNING * * *
The adder barely misses you.
Audrea hits the adder with a dagger of draining!
Audrea drains the adder!
The adder dies!
You take 5 damage, and have 1/36 hp.
It was a potion of cancellation.
You feel magically purged. The adder closely misses you.
Unknown command.
It was a potion of haste.
You feel yourself speed up. The adder bites you but does no damage.
The adder bites you.
You die...

█..████.█ █.█ █.█
███.......██ █.█
█.█
█........█.████.██
█.█
█.██.██.███.██...██
█.. █.██...██
██......█ ███
█.█████"███.██...██
█
█.█████..█.████.██


███████ █<....).█R██████████...... █████████@S..........█████ ██████████████ You
could see the friendly Audrea the hexer and an adder.

Vanquished Creatures
  Ijyb (D:2)
  Terence (D:2)
  Natasha (D:3)
  A gnoll (D:3)
  2 adders (D:2)
  5 dart slugs
  5 leopard geckos
  A ball python (D:3)
  5 bats
  3 giant cockroaches (D:1)
  2 goblins
  5 hobgoblins
  6 jackals
  3 quokkas
  4 frilled lizards
  2 kobolds (D:1)
  3 rats (D:1)
50 creatures vanquished.

Vanquished Creatures (collateral kills)
  An adder (D:2)
  A hobgoblin (D:3)
  A rat (D:3)
3 creatures vanquished.

Grand Total: 53 creatures vanquished

Notes
Turn   | Place    | Note
-------+----------+-------------------------------------------
     0 | D:1      | Goblin1989 the Demonspawn Monk began the quest for the Orb.
     0 | D:1      | Reached XP level 1. HP: 18/18 MP: 1/1
   352 | D:1      | Reached skill level 3 in Long Blades
   459 | D:1      | Gained mutation: You sometimes gain a little power by taking damage. [demonic ancestry]
   459 | D:1      | Reached XP level 2. HP: 20/24 MP: 2/2
   884 | D:1      | Gained mutation: Your flesh is heat resistant. (rF+) [demonic ancestry]
   884 | D:1      | Reached XP level 3. HP: 13/29 MP: 3/3
  1296 | D:2      | Noticed Ijyb
  1317 | D:2      | Reached skill level 4 in Long Blades
  1322 | D:2      | Paralysed by Ijyb for 6 turns
  1339 | D:2      | Paralysed by Ijyb for 3 turns
  1352 | D:2      | Paralysed by Ijyb for 2 turns
  1355 | D:2      | Killed Ijyb
  1656 | D:2      | Gained mutation: You are partially covered in slimy green scales. (AC +2) [demonic ancestry]
  1656 | D:2      | Reached XP level 4. HP: 33/35 MP: 4/4
  1695 | D:2      | Noticed Sigmund
  1918 | D:2      | Noticed Terence
  1943 | D:2      | Killed Terence
  2120 | D:2      | Reached skill level 5 in Long Blades
  2276 | D:2      | Found a hazy altar of Hepliaklqana.
  2289 | D:2      | Became a worshipper of Hepliaklqana the Forgotten
  2289 | D:2      | Reached * piety under Hepliaklqana
  2289 | D:2      | Reached ** piety under Hepliaklqana
  2290 | D:2      | Remembered your ancestor Audrea as a hexer
  2560 | D:3      | Noticed Natasha
  2573 | D:3      | Killed Natasha
  2573 | D:3      | Gained mutation: You have large cloven feet. [demonic ancestry]
  2573 | D:3      | Reached XP level 5. HP: 29/36 MP: 5/5
  2703 | D:2      | HP: 1/36 [adder (5)]
  2705 | D:2      | Slain by an adder

Vault maps used:
D:1:      doesnt_arrival_eight_statues
D:2:      lemuel_coloured_pillars_altar, minmay_misc_feat_alley, uniq_iyjb,
          uniq_crazy_yiuf_cottage, uniq_terence, uniq_sigmund
D:3:      uniq_robin, uniq_natasha

Skill      XL: |  1  2  3  4 |
---------------+-------------+-----
Long Blades    | 3 4 5 |  5.5
Fighting       | |  3.0
Dodging        | |  2.6
Stealth        | |  1.7

Action                   |  1- 3 |  4- 6 || total
-------------------------+-------+-------++-------
Melee: Falchion          |   139 |    96 ||   235
       Kick              |       |    10 ||    10
Invok: Recall Ancestor   |       |     2 ||     2
       Ancestor Life: He |       |     1 ||     1
  Use: Potion            |       |     2 ||     2
 Stab: Sleeping          |     5 |     5 ||    10
  Eat: Chunk             |     2 |     4 ||     6
Armor: Robe              |    24 |    25 ||    49
Dodge: Dodged            |    76 |    82 ||   158
       Rpst.: Falchion   |    19 |    17 ||    36

Vault maps used:
D:1:      doesnt_arrival_eight_statues
D:2:      lemuel_coloured_pillars_altar, minmay_misc_feat_alley, uniq_iyjb,
          uniq_crazy_yiuf_cottage, uniq_terence, uniq_sigmund
D:3:      uniq_robin, uniq_natasha
